 Dungeon Crawl Stone Soup version bcrawl-1.24 (webtiles) character file.

Game seed: 15147211251192084542

5511 Freyura the Basher (level 10, 0/96 HPs)
             Began as a Gargoyle Monk on June 12, 2020.
             Slain by a polar bear (2 damage)
             ... on level 7 of the Dungeon on June 13, 2020.
             The game lasted 00:27:21 (6614 turns).

Freyura the Basher (Gargoyle Monk)                  Turns: 6614, Time: 00:27:21

Health: 0/96       AC: 37    Str: 14    XL:     10   Next: 70%
Magic:  0/13       EV:  1    Int: 12    God:
Gold:   396        SH:  0    Dex: 15    Spells: 9/9 levels left

rFire    . . .     SeeInvis .   A - +4 flail (protect)
rCold    . . .     Gourm    .   (no shield)
rNeg     + + +     Faith    .   (armour currently unavailable)
rPois    ∞         Spirit   +   (helmet currently unavailable)
rElec    .         Reflect  .   (cloak currently unavailable)
rCorr    .         Harm     .   (gloves currently unavailable)
MR       .....     NoTele   +   (boots currently unavailable)
Stlth    ++........             d - amulet of guardian spirit
HPRegen  0.26/turn              z - +4 ring of evasion
MPRegen  0.13/turn              k - +5 ring of protection

@: tree-form, protection aura
A: giant, deterioration 1, negative energy resistance 1, wild magic 1,
petrification resistance, rot immunity, AC +7
a: no special abilities


You were on level 7 of the Dungeon.
You were hungry.
You were a tree.
You visited 2 branches of the dungeon, and saw 8 of its levels.
You also visited: Ossuary.

You collected 396 gold pieces.

Inventory:

Hand Weapons
 a - a +0 mace
 A - a +4 flail of protection (weapon)
Armour
 b - a +0 robe
 c - a +0 hat (melded)
 j - a +0 robe of magic resistance
 t - a +1 scale mail of fire resistance (melded)
Jewellery
 d - an amulet of guardian spirit (around neck)
 h - the amulet "Quvoi" {Inacc *Slow MR+ Int+4, unknown}
   (You found it on level 4 of the Dungeon)

   [amulet of inaccuracy]

   It reduces the accuracy of all your attacks.
   It affects your intelligence (+4).
   It affects your resistance to hostile enchantments.
   It may slow you when you take damage.
 k - a +5 ring of protection (right branch)
 n - a cursed amulet of magic regeneration {unknown}
 w - a +3 ring of evasion
 y - an uncursed amulet of the gourmand {unknown}
 z - a +4 ring of evasion (left branch)
 M - an uncursed ring of protection from fire
 P - the ring "Ysehed" {Fire MR- Str+4}
   (You found it in an ossuary)

   [ring of fire]

   It enhances your fire magic.
   It affects your strength (+4).
   It protects you from fire.
   It makes you vulnerable to cold.
   It affects your resistance to hostile enchantments.
Wands
 r - a wand of polymorph (3)
 u - a wand of paralysis (6)
Scrolls
 f - 5 scrolls of remove curse
 i - a scroll of enchant armour {unknown}
 m - 10 scrolls of teleportation
 o - a scroll of blinking {unknown}
 s - 2 scrolls of magic mapping {unknown}
 x - a scroll of noise {unknown}
 C - a scroll of fog {unknown}
 E - a scroll of fear {unknown}
 F - a scroll of vulnerability {unknown}
 N - 2 scrolls of summoning {unknown}
 R - a scroll of immolation {unknown}
Potions
 g - 2 potions of cancellation
 l - 5 potions of curing
 p - a potion of agility {unknown}
 v - a potion of heal wounds {unknown}
 B - a potion of brilliance {unknown}
 D - a potion of lignification
 G - a potion of ambrosia {unknown}
 H - a potion of might {unknown}
 I - 2 potions of flight {unknown}
 J - a potion of degeneration {unknown}
 L - a potion of magic {unknown}
 O - a potion of invisibility {unknown}
Comestibles
 e - 14 rations {!d}


   Skills:
 + Level 7.9 Fighting
 * Level 9.8 Maces & Flails
 + Level 6.9 Armour
 + Level 6.0 Dodging
 - Level 2.4 Stealth
   Level 2.1 Invocations
 + Level 4.9 Evocations


You had 9 spell levels left.
You didn't know any spells.
Your spell library was empty.

Dungeon Overview and Level Annotations

Branches:
Dungeon (7/12)             Temple (1/1) D:5
   Lair: D:7-9

Altars:
Cheibriados
Dithmenos
Elyvilon
Fedhas
Gozag
Hepliaklqana
Kikubaaqudgha
Lugonu
Makhleb
Nemelex Xobeh
Okawaru
Ru
Sif Muna
Uskayaw
Vehumet
Wu Jian
Xom
Yredelemnul
Zin
The Shining One


Innate Abilities, Weirdness & Mutations

You are resistant to torment.
((Your stone body is resilient. (AC +7)))
You are immune to poison.
You resist negative energy. (rN+)
((You are resistant to electric shocks. (rElec)))
((You can survive without breathing.))
You are immune to petrification.
You are immune to rotting.
Your body sometimes deteriorates upon taking damage.
Your spells are a little harder to cast, but a little more powerful.


Message History

The polar bear is lightly wounded.
The polar bear bites you but does no damage.
The polar bear claws you but does no damage.
The polar bear barely misses you.
You barely miss the polar bear.
The polar bear is lightly wounded.
The polar bear bites you but does no damage.
The polar bear claws you but does no damage. x2
You hit the polar bear but do no damage.
The polar bear is lightly wounded.
You sock the polar bear!
The polar bear is moderately wounded.
The polar bear bites you but does no damage.
The polar bear claws you but does no damage. x2
You thump the polar bear!
The polar bear is severely wounded.
The polar bear bites you but does no damage.
The polar bear claws you but does no damage.
The polar bear claws you.
You die...

....#.....h..#
....#...hh..h#
....#...h...H#
....###''''####
.............h##
.....(......hhh#
............hhh#
##############Y#########
#hh♣......# ##########
####......#
#........######......#
#...>................#
#....................#
###....................#
..'........######......#
###........# ##......# #
#....<...# #......##


You could see 3 polar bears, a yak and 2 black bears.

Vanquished Creatures
  A death yak (D:7)
  A manticore (D:7)
  A troll (D:6)
  3 polar bears (D:7)
  Grinder (D:3)
  A hippogriff (D:7)
  Prince Ribbit (D:6)
  A slime creature (D:6)
  2 yaks (D:7)
  Eustachio (D:6)
  A hungry ghost (D:4)
  A crocodile (D:6)
  A sky beast (D:7)
  A centaur (D:5)
  3 bullfrogs
  A gnoll sergeant (D:4)
  10 scorpions
  A water moccasin skeleton (D:5)
  3 howler monkeys
  5 crimson imps
  4 human zombies (Ossuary)
  A quasit (D:6)
  2 centaur zombies (Ossuary)
  2 bullfrog skeletons
  5 hounds
  A centaur skeleton (D:6)
  An iguana (D:5)
  Ijyb (D:3)
  4 orc wizards
  3 worker ants (D:4)
  2 big kobold zombies (Ossuary)
  A hound skeleton (D:5)
  3 mummies (Ossuary)
  3 gnolls (D:5)
  3 scorpion zombies (Ossuary)
  6 adders
  2 shadow imps (D:5)
  4 oozes
  2 adder skeletons
  5 worms
  5 dart slugs
  3 leopard geckos
  18 orcs
  4 ball pythons
  4 bats
  2 giant cockroaches (D:2)
  2 gnoll zombies (Ossuary)
  4 goblins (D:1)
  10 hobgoblins
  10 jackals
  12 kobolds
  3 quokkas
  5 frilled lizards
  2 goblin zombies (Ossuary)
  2 hobgoblin zombies (Ossuary)
  2 kobold zombies (Ossuary)
  2 orc zombies (Ossuary)
  5 rats
190 creatures vanquished.

Notes
Turn   | Place    | Note
-------+----------+-------------------------------------------
     0 | D:1      | Freyura the Gargoyle Monk began the quest for the Orb.
     0 | D:1      | Reached XP level 1. HP: 14/14 MP: 2/2
    41 | D:1      | Reached XP level 2. HP: 7/19 MP: 1/3
   416 | D:1      | Reached skill level 1 in Armour
   419 | D:1      | Reached XP level 3. HP: 17/23 MP: 4/4
   891 | D:2      | Reached XP level 4. HP: 22/29 MP: 3/5
   901 | D:2      | Reached skill level 4 in Maces & Flails
  1043 | D:2      | Found a white marble altar of Elyvilon.
  1577 | D:2      | Reached XP level 5. HP: 33/33 MP: 6/6
  2013 | D:3      | Noticed Grinder
  2050 | D:3      | Killed Grinder
  2050 | D:3      | Reached skill level 5 in Maces & Flails
  2050 | D:3      | Reached XP level 6. HP: 18/39 MP: 3/7
  2227 | D:3      | Reached XP level 7. HP: 15/44 MP: 3/8
  2536 | D:3      | Noticed Ijyb
  2598 | D:3      | Killed Ijyb
  3016 | D:4      | Found a glowing silver altar of Zin.
  3016 | D:4      | Found a radiant altar of Vehumet.
  3016 | D:4      | Found an ornate altar of the Wu Jian Council.
  3086 | D:4      | Got a fine amethyst amulet
  3413 | D:4      | Noticed a hungry ghost
  3434 | D:4      | Paralysed by fainting for 9 turns
  3445 | D:4      | Killed a hungry ghost
  3445 | D:4      | Reached skill level 5 in Fighting
  3445 | D:4      | Reached skill level 6 in Maces & Flails
  3445 | D:4      | Reached skill level 1 in Evocations
  3487 | D:4      | Found a shimmering blue altar of Sif Muna.
  3726 | D:5      | Entered Level 5 of the Dungeon
  3746 | D:5      | Reached XP level 8. HP: 49/49 MP: 9/9
  4162 | D:5      | Reached skill level 7 in Maces & Flails
  4356 | D:5      | Found a staircase to the Ecumenical Temple.
  4487 | D:6      | Noticed a troll
  4507 | D:6      | Killed a troll
  4632 | D:6      | Noticed Prince Ribbit
  4647 | D:6      | Killed Prince Ribbit
  4647 | D:6      | Reached skill level 5 in Armour
  4647 | D:6      | Reached XP level 9. HP: 45/55 MP: 11/11
  4808 | D:6      | Noticed Eustachio
  4829 | D:6      | Killed Eustachio
  4829 | D:6      | Reached skill level 5 in Dodging
  4898 | D:6      | Gained mutation: Your spells are a little easier to cast,
                  | but a little less powerful. [potion of mutation]
  4898 | D:6      | Gained mutation: You have a pair of small antennae on your
                  | head. [potion of mutation]
  4899 | D:6      | Lost mutation: Your spells are a little easier to cast, but
                  | a little less powerful. [potion of mutation]
  4899 | D:6      | Lost mutation: You have a pair of small antennae on your
                  | head. [potion of mutation]
  4899 | D:6      | Gained mutation: Your body sometimes deteriorates upon
                  | taking damage. [potion of mutation]
  4899 | D:6      | Gained mutation: Your spells are a little harder to cast,
                  | but a little more powerful. [potion of mutation]
  4899 | D:6      | Gained mutation: You evolve. [potion of mutation]
  4913 | D:6      | Reached skill level 8 in Maces & Flails
  4924 | D:6      | Found a sand-covered staircase.
  4932 | Ossuary  | Entered an ossuary
  5342 | Ossuary  | Got a coiled tin ring
  5348 | Ossuary  | Identified the cursed ring "Ysehed" {Fire MR- Str+4} (You
                  | found it in an ossuary)
  5508 | D:6      | Lost mutation: You evolve. [end of evolution]
  5824 | D:6      | Found a shadowy altar of Dithmenos.
  5925 | Temple   | Entered the Ecumenical Temple
  5985 | D:7      | Reached XP level 10. HP: 60/63 MP: 10/13
  6072 | D:7      | Found a sacrificial altar of Ru.
  6175 | D:7      | Found a huge runed gate.
  6176 | D:7      | Found a huge runed gate.
  6177 | D:7      | Found a huge runed gate.
  6177 | D:7      | Noticed a manticore
  6177 | D:7      | Noticed a death yak
  6178 | D:7      | Found a huge runed gate.
  6209 | D:7      | Found a basalt altar of Yredelemnul.
  6213 | D:7      | Found a hide-covered altar of Uskayaw.
  6504 | D:7      | Killed a manticore
  6504 | D:7      | Reached skill level 9 in Maces & Flails
  6530 | D:7      | Killed a death yak
  6609 | D:7      | HP: 1/96 [polar bear (5)]
  6614 | D:7      | Slain by a polar bear

Skill      XL: |  1  2  3  4  5  6  7  8  9 10 |
---------------+-------------------------------+-----
Armour         | 1 2 3 5 6 |  6.9
Maces & Flails | 4 5 6 7 8 9 |  9.8
Dodging        | 3 4 5 6 |  6.0
Fighting       | 4 5 6 7 |  7.9
Evocations     | 1 2 4 |  4.9
Stealth        | |  2.4
Invocations    | |  2.1

Action                   |  1- 3 |  4- 6 |  7- 9 | 10-12 || total
-------------------------+-------+-------+-------+-------++-------
Melee: Mace              |    96 |   175 |   224 |       ||   495
       Unarmed           |       |       |    17 |       ||    17
       Flail             |       |       |   445 |   137 ||   582
  Use: Scroll            |       |       |     7 |     3 ||    10
       Potion            |       |       |     2 |     1 ||     3
 Stab: Sleeping          |     2 |     7 |     7 |       ||    16
       Distracted        |       |       |     1 |       ||     1
  Eat: Chunk             |       |     5 |     6 |     1 ||    12
       Ration            |       |       |     3 |       ||     3
Armor: Robe              |    47 |    78 |   199 |       ||   324
       Scale mail        |       |       |    38 |    75 ||   113
       Skin              |       |       |       |    40 ||    40
Dodge: Dodged            |    93 |   181 |   669 |   119 ||  1062
